 Dungeon Crawl Stone Soup version 0.31-a0-1237-gabc64e778c (webtiles) character file.

Game seed: 6095066150062246552

2398672 Monkooky the Tortoise (level 20, 165/165 HPs)
             Began as an Armataur Monk on Dec 15, 2023.
             Was a High Priest of Jiyva.
             Escaped with the Orb
             ... and 3 runes!
             The game lasted 02:18:05 (31394 turns).

Monkooky the Tortoise (Armataur Monk)              Turns: 31394, Time: 02:18:06

Health: 165/165    AC: 55    Str: 19 (20) XL:     20   Next: 84%
Magic:  31/31      EV: 11    Int: 12 (13) God:    Jiyva [*****.]
Gold:   310        SH: 29    Dex: 24 (27) Spells: 29/29 levels left

rFire   + .          .
                       - Unarmed
rCold   + + .        D - +5 Storm Queen's Shield {shock, Fly rElec}
rNeg    + + .        V - +9 pearl dragon scales of Howling Wind {rPois rC+++ rN+ Will- Dex+2}
rPois   +            Q - +0 helmet
rElec   +            I - +2 cloak
rCorr   +            M - +1 pair of gloves
SInv    .            P - +4 barding
Will    .....        y - brooch of Shielding {Spirit SH+8}
Stlth   +            o - ring of the Dropbear {rElec rN+ rCorr Int+3 Dex+2}
HPRegen 1.91/turn    T - ring "Yhouk" {Fire Slay+6}
MPRegen 0.67/turn

%: clarity, guardian spirit, roll
@: flying, studying 2 skills
A: large, deformed body, tough skin 3, armoured tail, roll 2, long tongue,
hooves 1, iridescent scales 3, agile 2, clarity, high MP 1, shaggy fur 1, wild
magic 2, eyeballs 2, gelatinous body 1, translucent skin 3, tendrils, jelly
sensing items
0: Orb of Zot
}: 3/15 runes: barnacled, slimy, gossamer
a: Renounce Religion, Oozemancy, Slimify


You escaped.
You worshipped Jiyva.
Jiyva was extremely pleased with you.
You visited 8 branches of the dungeon, and saw 44 of its levels.
You visited 1 bazaar.
You also visited: Sewer and Ice Cave.

You collected 4621 gold pieces.
You spent 4311 gold pieces at shops.

Inventory:

Missiles
 B - a throwing net
Armour
 D - the +5 Storm Queen's Shield (worn) {shock, Fly rElec}
   (You bought it in a shop on level 2 of the Orcish Mines)

   Shock:     When it blocks an attack, it may electrocute the attacker.
   This works even against foes who are a short distance away.
   rElec:     It insulates you from electricity.
   Fly:       It grants you flight.
 E - a +1 hat
 I - a +2 cloak (worn)
 J - +0 gold dragon scales
 M - a +1 pair of gloves (worn)
 O - a +0 tower shield
 P - a +4 barding (worn)
 Q - a +0 helmet (worn)
 V - the +9 pearl dragon scales of Howling Wind (worn) {rPois rC+++ rN+ Will- Dex+2}
   (You bought it in a shop in a bazaar)

   Dex+2:     It affects your dexterity (+2).
   rC+++:     It renders you almost immune to cold.
   rPois:     It protects you from poison rN+: It protects you from negative
   energy.
   Will-:     It decreases your willpower.
Jewellery
 d - a +6 ring of strength
 g - the ring of Zilaes {rF+ MP+9 Str+6}
   (You bought it in a shop in a bazaar)

   [ring of strength]

   Str+6:     It affects your strength (+6).
   rF+:       It protects you from fire.
   MP+9:      It affects your magic capacity (+9).
 o - the ring of the Dropbear (left hand) {rElec rN+ rCorr Int+3 Dex+2}
   (You found it on level 5 of the Pits of Slime)

   [ring of positive energy]

   Int+3:     It affects your intelligence (+3).
   Dex+2:     It affects your dexterity (+2).
   rElec:     It insulates you from electricity.
   rN+:       It protects you from negative energy.
   rCorr:     It protects you from acid and corrosion.
 y - the brooch of Shielding (around neck) {Spirit SH+8}
   (You bought it in a shop on level 2 of the Orcish Mines)

   [amulet of guardian spirit]

   Spirit:    It causes incoming damage to be divided between your reserves of
   health and magic.
   SH+8:      It affects your SH (+8).
 H - a ring of willpower
 L - a ring of see invisible
 T - the ring "Yhouk" (right hand) {Fire Slay+6}
   (You found it on level 10 of the Dungeon)

   [ring of fire]

   Fire:      It enhances your fire magic.
   Slay+6:    It affects your accuracy & damage with ranged weapons and melee
   (+6).
   rF+:       It protects you from fire.
   rC-:       It makes you vulnerable to cold.
Wands
 a - a wand of paralysis (11)
 c - a wand of mindburst (8)
 m - a wand of light (10)
 K - a wand of roots (18)
Scrolls
 e - 4 scrolls of vulnerability
 j - 2 scrolls of fog
 n - 10 scrolls of teleportation
 u - 4 scrolls of immolation
 v - a scroll of identify
 w - 9 scrolls of enchant weapon
 x - 3 scrolls of butterflies
 A - 3 scrolls of torment
 C - 7 scrolls of fear
 G - a scroll of amnesia
 N - 6 scrolls of poison
 W - 2 scrolls of noise
 Y - 2 scrolls of blinking
Potions
 b - 7 potions of ambrosia
 f - a potion of enlightenment
 h - 5 potions of might
 i - 7 potions of brilliance
 k - 2 potions of resistance
 l - 3 potions of heal wounds
 p - 5 potions of cancellation
 r - 3 potions of magic {unknown}
 s - 3 potions of berserk rage
 t - 20 potions of curing
 z - a potion of attraction
 F - 4 potions of invisibility
 R - 2 potions of mutation
Miscellaneous
 U - a tin of tremorstones (1/2)
 X - a phantom mirror


   Skills:
 * Level 16.2 Fighting
 * Level 20.9 Armour
 + Level 7.6 Dodging
 * Level 18.1 Shields
 * Level 20.9 Unarmed Combat
 + Level 5.4 Spellcasting


You had 29 spell levels left.
You didn't know any spells.
Your spell library contained the following spells:

 Spells                   Type           Power      Damage    Failure   Level
 Apportation              Tloc           10%        N/A       67%         1
 Freeze                   Ice            20%        1d4       67%         1
 Necrotise                Necr           20%        1d5       67%         1
 Shock                    Conj/Air       20%        1d4       67%         1
 Blink                    Tloc           10%        N/A       80%         2
 Cigotuvi's Dreadful Rot  Necr/Pois/Air  10%        N/A       80%         2
 Ensorcelled Hibernation  Hex/Ice        10%        N/A       80%         2
 Jinxbite                 Hex            10%        N/A       80%         2
 Passwall                 Tmut/Erth      4%         N/A       80%         2
 Poisonous Vapours        Pois/Air       10%        N/A       80%         2
 Static Discharge         Conj/Air       10%        3-4/arc   80%         2
 Frozen Ramparts          Ice            10%        1d2       94%         3
 Gell's Gravitas          Tloc           5%         N/A       94%         3
 Hailstorm                Conj/Ice       5%         3d5       94%         3
 Inner Flame              Hex/Fire       7%         N/A       94%         3
 Swiftness                Air            5%         N/A       94%         3
 Teleport Other           Tloc           5%         N/A       94%         3
 Vampiric Draining        Necr           5%         2d6       94%         3
 Volatile Blastmotes      Fire/Tloc      14%        2d11      94%         3
 Airstrike                Air            2%         2d(1-17)  100%        4
 Animate Dead             Necr           5%         N/A       100%        4
 Dimensional Bullseye     Hex/Tloc       2%         N/A       100%        4
 Dispel Undead            Necr           5%         3d7       100%        4
 Flame Wave               Conj/Fire      7%         2d5       100%        4
 Fulminant Prism          Conj/Hex       2%         3d5       100%        4
 Iskenderun's Mystic Bla  Conj/Tloc      5%         2d3       100%        4
 Manifold Assault         Tloc           5%         N/A       100%        4
 Sticky Flame             Conj/Fire      7%         2d3       100%        4
 Summon Lightning Spire   Summ/Air       5%         N/A       100%        4
 Agony                    Necr           5%         N/A       100%        5
 Alistair's Intoxication  Tmut/Pois      3%         N/A       100%        5
 Borgnjor's Vile Clutch   Necr/Erth      2%         N/A       100%        5
 Summon Forest            Summ/Tloc      2%         N/A       100%        5
 Conjure Ball Lightning   Conj/Air       2%         3x3d6     100%        6
 Death Channel            Necr           2%         N/A       100%        6
 Dispersal                Tloc           2%         N/A       100%        6
 Eringya's Noxious Bog    Tmut/Pois      2%         4d6       100%        6
 Plasma Beam              Fire/Air       3%         2x1d13    100%        6
 Simulacrum               Ice/Necr       2%         N/A       100%        6
 Orb of Destruction       Conj           2%         9d5       100%        7
 Ozocubu's Refrigeration  Ice            2%         4d8       100%        7
 Summon Hydra             Summ           2%         N/A       100%        7
 Discord                  Hex            2%         N/A       100%        8
 Polar Vortex             Ice            2%         N/A       100%        9


Dungeon Overview and Level Annotations

Branches:
Dungeon (15/15)            Temple (0/1) D:4            Lair (5/5) D:8
 Shoals (4/4) Lair:2       Spider (4/4) Lair:2        Slime (5/5) Lair:4
    Orc (2/2) D:11            Elf (0/3) Orc:2        Vaults (0/5) D:14
 Depths (4/4) D:15            Zot (5/5) Depths:4      Sewer (visited)
  IceCv (visited)

Altars:
Ashenzari
Cheibriados
Dithmenos
Elyvilon
Gozag
Makhleb
Okawaru
Qazlal
Sif Muna
Uskayaw
Yredelemnul
Zin
The Shining One
Jiyva
Lugonu

Shops:
D:4 :   Orc:2 ==(*[   Depths:1 *(=   Depths:4 :

Portals:
Hell: Depths:1 Depths:3
Abyss: Lair:5 Shoals:3 Depths:3
Pandemonium: Depths:2
Ziggurat: Depths:4
Trove: Depths:2 (give 7 potions of haste)

Annotations:
Lair:3 exclusion: downstairs
Shoals:1 Roxanne
Slime:5 Royal Jelly
Zot:2 exclusion: downstairs
Zot:3 Tiamat
Zot:5 2 transporters


Innate Abilities, Weirdness & Mutations

Armour fits poorly on your strangely shaped body.
You have extremely tough skin. (AC +3)
You have a long armoured tail.
You roll and regenerate health when moving toward enemies. (Rampage Heal)
Your long tongue fully drains potion bottles. (2x potion effects)
You have large cloven feet.
You are completely covered in iridescent scales. (AC +6)
You are very agile. (Dex +8, Str/Int -2)
You possess an exceptional clarity of mind.
You have an increased reservoir of magic. (+10% MP)
You are covered in fur. (AC +1)
Your spells are harder to cast, but more powerful.
Your body has grown many eyes which may confuse attackers. (Acc +5)
Your rubbery body absorbs attacks. (AC +1, EV +1)
Your transparent skin significantly reduces your foes' accuracy. (Stealth+)
You are covered in slimy tendrils that may disarm your opponents.
You have a small jelly attached to you that senses nearby items.


Message History

You kick the sun demon, but do no damage.
You tail-slap the sun demon, but do no damage.
The sun demon is severely wounded.
You block the sun demon's attack.
Your shield discharges, shocking the sun demon!
The sun demon resists.
You pummel the sun demon!!
You kill the sun demon!
That's the wrong kind of item! (Use * to select it.) Fire/throw/use which item? ([*] to toss any item) (? for menu, Esc to quit)
Fire/throw/use which item? ([*] to toss any item) (? for menu, Esc to quit)
Okay, then.
What level of the Dungeon? (default 1, ? - help) HP restored.
You swap places.
There is a stone staircase leading up here.
You fly upwards.
There is a stone staircase leading down here.
There is an escape hatch in the floor here.
There is a stone staircase leading up here.
You fly upwards.
There is a stone staircase leading down here.
There is a stone staircase leading up here.
You fly upwards.
There is a stone staircase leading down here.
There is an open door here.
You hear a series of splatters.
There is a stone staircase leading up here.
You fly upwards.
There is a stone staircase leading down here.
There is a stone staircase leading up here.
You fly upwards.
There is a stone staircase leading down here.
You swap places.
There is a stone staircase leading up here.
You fly upwards.
There is a stone staircase leading down here.
There is an open door here.
There is a staircase leading out of the dungeon here.
You have escaped!

....###.#.###...#.......#######.#
............+...+.......+.......#
....####..###...#.......#.##.#..#
....# #..# ##########'##.##.#..#
....# ##.## #.##.##...## ###.#
#..######### #.......#.#
###.#####...##.....# ####.#..#.#
..........#.##.###.# #.#.##.#
.....##........+@'.# #......#
...>.##........###.# ###.####
.....##..).........## #####.#
.....##.......####..# #.....#
###+####.......####.###.#####
#......##........##.....#
........#.....##.##.#####
...≈≈...#.....##....#
).≈≈≈≈..'.....##.####


There were no monsters in sight!

Vanquished Creatures
  Mara (Spider:4)
  3 curse toes
  3 caustic shrikes (Depths:4)
  A golden dragon (Depths:2)
  Norris (Depths:1)
  A bone dragon (Depths:4)
  5 tentacled monstrosities
  An Ice Fiend (Zot:5)
  8 Orb Guardians
  A titan (Shoals:4)
  A lich (Depths:1)
  A walking divine tome (Depths:1)
  An Executioner (Depths:1)
  Polyphemus (Shoals:4)
  A kraken (Shoals:1)
  A sphinx (Depths:3)
  2 death cobs (Zot:5)
  Agnes (Spider:1)
  3 storm dragons
  Aizul (Spider:3)
  2 shadow dragons
  Ilsuiw (Shoals:2)
  2 tengu reavers
  5 draconian knights
  2 fire giants (Depths:2)
  A draconian shifter (Zot:2)
  2 draconian monks
  A ghost moth (Spider:4)
  4 frost giants (Depths:2)
  2 emperor scorpions (Spider:2)
  2 draconian scorchers (Zot:2)
  3 draconian annihilators
  An orc warlord (Orc:2)
  A very ugly thing (Depths:2)
  4 broodmothers (Spider:2)
  2 draconian stormcallers
  A spriggan defender (Depths:4)
  2 red draconians (Zot:2)
  Azrael (Spider:1)
  15 stone giants
  5 green draconians
  5 white draconians
  5 black draconians
  5 purple draconians
  10 spark wasps
  3 yellow draconians
  6 fire dragons
  15 merfolk impalers
  5 merfolk javelineers
  5 ettins
  3 entropy weavers
  2 yaktaur captains (Depths:4)
  A deep elf high priest (Depths:4)
  3 ice dragons
  4 rakshasas
  A caustic shrike simulacrum (Depths:2)
  8 hydras
  Erolcha (D:13)
  5 spriggan air magi
  The ghost of PowderKeg the Skirmisher, a journeyman DgHu (D:10)
  Erica (D:8)
  4 catoblepae
  7 vault guards
  5 merfolk aquamancers
  5 merfolk avatars
  12 centaur warriors
  3 jorogumos
  An alligator snapping turtle (Shoals:4)
  4 two-headed ogres
  5 boulder beetles
  5 radroaches
  A deep troll earth mage (Depths:2)
  2 deep troll shamans (Depths:2)
  10 death yaks
  2 satyrs (Shoals:3)
  3 thrashing horrors (Lair:5)
  4 orc high priests
  5 tengu warriors
  A vampire mage (Depths:2)
  The ghost of Eugor the Geomancer, a journeyman GrEE of Vehumet (Lair:1)
  An occultist (Depths:2)
  9 death scarabs
  5 demonic crawlers
  14 hell knights
  6 spriggan berserkers
  7 skysharks
  4 sun demons
  2 fire crabs
  A sun moth (Spider:4)
  7 pharaoh ants
  6 sea snakes
  4 large abominations
  An arcanist (D:15)
  10 steelbarb worms
  6 orb spiders
  4 necromancers
  A broodmother zombie (Spider:4)
  24 harpies
  2 deep elf pyromancers
  3 spectral wolf spiders (Spider:4)
  A lindwurm (Lair:3)
  6 orc knights
  8 cyclopes
  A wolf spider zombie (Spider:4)
  11 manticores
  33 wolf spiders
  5 orc sorcerers
  An oklob plant (Shoals:2)
  14 ugly things
  13 moths of wrath
  A worldbinder (Shoals:3)
  5 fauns
  A salamander (D:15)
  5 elephants (Lair:2)
  2 black mambas
  A black mamba (shapeshifter) (Lair:5)
  11 merfolk sirens
  3 torpor snails
  Joseph (D:7)
  2 smoke demons (Lair:5)
  11 water nymphs
  3 apocalypse crabs (Shoals:3)
  An ice statue (IceCv)
  9 cane toads
  4 gargoyles
  An unseen horror (shapeshifter) (D:14)
  8 rime drakes (IceCv)
  Jeremiah (D:9)
  3 yaktaurs (D:12)
  A spectral redback (Spider:4)
  2 efreet
  2 unseen horrors (Depths:3)
  A freezing wraith (D:15)
  4 tengu conjurers
  9 komodo dragons
  A redback zombie (Spider:4)
  28 merfolk
  A hellwing (Depths:4)
  A meliai (shapeshifter) (Lair:5)
  An ancient zyme (Shoals:3)
  7 polar bears
  33 tarantellas
  A spectral culicivora (Spider:4)
  4 trolls
  7 wind drakes
  4 dream sheep (Shoals:3)
  2 spectral jumping spiders (Spider:4)
  5 spectral tarantellas (Spider:4)
  A culicivora zombie (Spider:4)
  24 blink frogs
  A raiju (Lair:5)
  2 hornets
  2 tarantella zombies (Spider:4)
  2 jumping spider zombies (Spider:4)
  8 snapping turtles
  26 jumping spiders
  5 centaur simulacra
  5 air elementals (Shoals:4)
  25 water elementals
  4 spriggans
  2 ynoxinuls (Lair:5)
  5 wyverns
  6 basilisks
  A yak (shapeshifter) (D:15)
  17 culicivoras
  A fire bat (Shoals:1)
  A wraith (D:11)
  69 yaks
  2 vampires (D:11)
  A hog (shapeshifter) (Lair:5)
  3 fire elementals (Spider:1)
  2 steam dragons
  34 redbacks
  A glowing shapeshifter zombie (Depths:2)
  5 chaos spawn
  3 wargs
  Edmund (D:4)
  17 small abominations
  12 water moccasins
  An acid dragon (D:12)
  A human skeleton (Depths:2)
  3 hell hounds (Spider:1)
  Duvessa (D:5)
  5 ice beasts
  A meliai simulacrum (D:12)
  4 black bears
  A snapping turtle zombie (Shoals:3)
  41 orc warriors
  8 centaurs
  10 wolves
  6 ogres
  A phantom (D:5)
  2 kobold brigands
  6 gnoll sergeants
  A scorpion (D:6)
  12 bullfrogs
  Dowan (D:5)
  3 wights (D:8)
  3 jellies
  7 killer bees
  A howler monkey (D:12)
  10 hounds
  23 orc priests
  3 gnoll boudas
  3 iguanas
  A sleepcap (D:7)
  31 orc wizards
  5 hell rats (Lair:4)
  49 gnolls
  11 adders
  A river rat (D:3)
  2 shadow imps
  15 white imps
  A howler monkey simulacrum (D:10)
  2 ufetubi (D:7)
  3 worms
  2 dart slugs (D:1)
  89 orcs
  12 ball pythons
  3 endoplasms
  7 giant cockroaches
  6 goblins
  7 hobgoblins
  19 jackals
  6 quokkas
  2 bats
  6 frilled lizards
  21 kobolds
  7 rats
  4 tentacles (Shoals:1)
1421 creatures vanquished.

Vanquished Creatures (collateral kills)
  A boulder beetle (D:14)
  A cyclops (D:11)
  3 yaks (D:11)
  An ogre (D:5)
6 creatures vanquished.

Vanquished Creatures (others)
  Vv (Depths:2)
  A quicksilver dragon (Zot:3)
  An acid blob (Zot:3)
  A storm dragon (Zot:3)
  A draconian knight (Zot:3)
  A protean progenitor (Zot:3)
  A draconian scorcher (Zot:3)
  A draconian annihilator (Zot:3)
  A black draconian (Zot:3)
  A great orb of eyes (D:15)
  A vault guard (Depths:2)
  A two-headed ogre (shapeshifter) (D:15)
  A jorogumo (Spider:1)
  A death yak (IceCv)
  A tengu warrior (Depths:3)
  2 glowing orange brains
  2 orb spiders (Spider:1)
  A steelbarb worm (Spider:2)
  A moth of wrath (shapeshifter) (Depths:2)
  A gargoyle (D:13)
  A yaktaur (shapeshifter) (Depths:2)
  A glass eye (Depths:2)
  A tarantella (Spider:2)
  5 slime creatures (D:14)
  4 jumping spiders (Spider:1)
  A water elemental (Shoals:4)
  A vampire (D:14)
  A culicivora (Spider:2)
  A yak (IceCv)
  A fire bat (Shoals:1)
  3 redbacks (Spider:1)
  A water moccasin (Lair:4)
  An orc warrior (Orc:2)
  2 centaurs
  A killer bee (D:9)
  An electric eel (D:6)
  98 jellies
  2 orc priests (Orc:2)
  A gnoll bouda (D:6)
  2 orc wizards (Orc:2)
  5 gnolls
  3 adders
  A worm (D:3)
  11 orcs
  2 ball pythons (Sewer)
  A bat (D:3)
  5 endoplasms (Sewer)
  A giant cockroach (Sewer)
  2 jackals (D:6)
  A frilled lizard (Sewer)
  A rat (D:3)
  2 aspiring fleshes (Zot:3)
  A butterfly (Lair:1)
  A tentacle (Shoals:1)
188 creatures vanquished.

Grand Total: 1615 creatures vanquished

Notes
Turn   | Place    | Note
-------+----------+-------------------------------------------
     0 | D:1      | Monkooky the Armataur Monk began the quest for the Orb.
     0 | D:1      | Reached XP level 1. HP: 17/17 MP: 1/1
   209 | D:1      | Reached XP level 2. HP: 23/23 MP: 2/2
   640 | D:1      | Reached XP level 3. HP: 28/28 MP: 3/3
   880 | D:2      | Found a faded altar of an unknown god.
   890 | D:2      | Prayed at the altar of an unknown god.
   890 | D:2      | Became a worshipper of Jiyva Jevun the Shapeless
   890 | D:2      | Reached * piety under Jiyva
   890 | D:2      | Reached ** piety under Jiyva
   989 | D:2      | Reached *** piety under Jiyva
  1001 | D:2      | Reached XP level 4. HP: 34/34 MP: 4/4
  1109 | D:2      | Gained mutation: You have a small jelly attached to you
                  | that senses nearby items. [Jiyva's grace]
  1109 | D:2      | Gained mutation: You have hidden genetic potential.
                  | [Jiyva's grace]
  1109 | D:2      | Gained mutation: You have great hidden genetic potential.
                  | [Jiyva's grace]
  1109 | D:2      | Gained mutation: You have acidic saliva. [Jiyva's grace]
  1526 | D:3      | Found a glowing drain.
  1542 | Sewer    | Entered a sewer
  1629 | Sewer    | Reached skill level 5 in Unarmed Combat
  1678 | Sewer    | Reached XP level 5. HP: 39/39 MP: 5/5
  1694 | Sewer    | Gained mutation: You are robust. (+10% HP) [hidden
                  | potential]
  1721 | Sewer    | Reached XP level 6. HP: 22/50 MP: 6/6
  1852 | D:3      | Gained mutation: You have large cloven feet. [hidden
                  | potential]
  1852 | D:3      | Lost mutation: You have great hidden genetic potential.
                  | [hidden potential expressed]
  1861 | D:3      | Reached **** piety under Jiyva
  1923 | D:3      | Found a basalt altar of Yredelemnul.
  2072 | D:3      | Found a glowing golden altar of the Shining One.
  2072 | D:3      | Found a stormy altar of Qazlal.
  2312 | D:3      | Found a white marble altar of Elyvilon.
  2529 | D:4      | Found Diuloec's Book Shoppe.
  2559 | D:4      | Found a staircase to the Ecumenical Temple.
  2614 | D:4      | Gained mutation: You roll and regenerate health when moving
                  | toward enemies. (Rampage Heal) [Armataur growth]
  2614 | D:4      | Reached XP level 7. HP: 51/56 MP: 7/7
  2642 | D:4      | Gained mutation: Your mind is acute. (Int +4, Str/Dex -1)
                  | [hidden potential]
  2798 | D:4      | Lost mutation: You have large cloven feet. [Jiyva's grace]
  2798 | D:4      | Gained mutation: Your muscles are strong. (Str +4, Int/Dex
                  | -1) [Jiyva's grace]
  2798 | D:4      | Gained mutation: Your muscles are very strong. (Str +8,
                  | Int/Dex -2) [Jiyva's grace]
  2798 | D:4      | Gained mutation: You possess an exceptional clarity of
                  | mind. [Jiyva's grace]
  2798 | D:4      | Gained mutation: You have a beak for a mouth. [Jiyva's
                  | grace]
  2799 | D:4      | Noticed Edmund
  2808 | D:4      | Killed Edmund
  2809 | D:4      | Reached skill level 5 in Armour
  2831 | D:4      | Reached ***** piety under Jiyva
  3334 | D:5      | Entered Level 5 of the Dungeon
  3369 | D:5      | Noticed Duvessa
  3369 | D:5      | Noticed Dowan
  3376 | D:5      | Killed Duvessa
  3387 | D:5      | Killed Dowan
  3461 | D:5      | Found a snail-covered altar of Cheibriados.
  3503 | D:5      | Found a broken altar of Ashenzari.
  4056 | D:5      | Reached XP level 8. HP: 49/62 MP: 8/8
  4063 | D:5      | Gained mutation: Your flesh is heat resistant. (rF+)
                  | [hidden potential]
  4063 | D:5      | Lost mutation: You have hidden genetic potential. [hidden
                  | potential expressed]
  4247 | D:6      | Identified the +0 leather armour of the Equator {^Contam
                  | Harm Regen+}
  4579 | D:6      | Reached XP level 9. HP: 51/72 MP: 4/9
  4951 | D:7      | Gained mutation: You are very robust. (+20% HP) [Jiyva's
                  | grace]
  4951 | D:7      | Gained mutation: You are extremely robust. (+30% HP)
                  | [Jiyva's grace]
  4951 | D:7      | Gained mutation: You are somewhat resistant to further
                  | mutation. [Jiyva's grace]
  4951 | D:7      | Gained mutation: You are somewhat resistant to both further
                  | mutation and mutation removal. [Jiyva's grace]
  5002 | D:7      | Reached skill level 5 in Fighting
  5225 | D:7      | Found a hide-covered altar of Uskayaw.
  5627 | D:7      | Noticed Joseph
  5637 | D:7      | Killed Joseph
  5957 | D:8      | Reached skill level 10 in Unarmed Combat
  6030 | D:8      | Found a staircase to the Lair.
  6030 | D:8      | Noticed a komodo dragon
  6035 | D:8      | Reached ****** piety under Jiyva
  6046 | D:8      | Slimified a komodo dragon
  6046 | D:8      | a komodo dragon changed into a slime creature
  6092 | D:8      | Lost mutation: You have a beak for a mouth. [Jiyva's grace]
  6092 | D:8      | Lost mutation: You possess an exceptional clarity of mind.
                  | [Jiyva's grace]
  6092 | D:8      | Lost mutation: Your flesh is heat resistant. (rF+) [Jiyva's
                  | grace]
  6092 | D:8      | Lost mutation: You are somewhat resistant to both further
                  | mutation and mutation removal. [Jiyva's grace]
  6092 | D:8      | Lost mutation: You are extremely robust. (+30% HP) [Jiyva's
                  | grace]
  6092 | D:8      | Lost mutation: Your muscles are very strong. (Str +8,
                  | Int/Dex -2) [Jiyva's grace]
  6092 | D:8      | Lost mutation: You have acidic saliva. [Jiyva's grace]
  6092 | D:8      | Gained mutation: You are strong-willed. (Will+) [Jiyva's
                  | grace]
  6092 | D:8      | Gained mutation: You are highly strong-willed. (Will++)
                  | [Jiyva's grace]
  6092 | D:8      | Gained mutation: You are extremely strong-willed. (Will+++)
                  | [Jiyva's grace]
  6092 | D:8      | Gained mutation: You are partially covered in large bone
                  | plates. (SH +4) [Jiyva's grace]
  6116 | D:8      | Reached XP level 10. HP: 92/92 MP: 10/10
  6240 | D:8      | Found an opulent altar of Gozag.
  6514 | D:8      | Noticed Erica
  6524 | D:8      | Killed Erica
  6948 | D:9      | Found a shimmering blue altar of Sif Muna.
  6951 | D:9      | Noticed a two-headed ogre
  6961 | D:9      | Killed a two-headed ogre
  7020 | D:9      | Noticed Jeremiah
  7028 | D:9      | Killed Jeremiah
  7103 | D:9      | Reached XP level 11. HP: 56/103 MP: 8/11
  7326 | D:10     | Entered Level 10 of the Dungeon
  7482 | D:10     | Lost mutation: Your mind is acute. (Int +4, Str/Dex -1)
                  | [Jiyva's grace]
  7482 | D:10     | Lost mutation: You are extremely strong-willed. (Will+++)
                  | [Jiyva's grace]
  7482 | D:10     | Lost mutation: You are somewhat resistant to further
                  | mutation. [Jiyva's grace]
  7482 | D:10     | Lost mutation: Your muscles are strong. (Str +4, Int/Dex
                  | -1) [Jiyva's grace]
  7482 | D:10     | Gained mutation: Your spells are a little harder to cast,
                  | but a little more powerful. [Jiyva's grace]
  7482 | D:10     | Gained mutation: Your spells are harder to cast, but more
                  | powerful. [Jiyva's grace]
  7482 | D:10     | Gained mutation: Your spells are much harder to cast, but
                  | much more powerful. [Jiyva's grace]
  7482 | D:10     | Gained mutation: You are covered in slimy tendrils that may
                  | disarm your opponents. [Jiyva's grace]
  7544 | D:10     | Found a burning altar of Makhleb.
  7544 | D:10     | Noticed a cacodemon
  7545 | D:10     | Found a glowing silver altar of Zin.
  7545 | D:10     | Noticed an angel
  7578 | D:10     | Found a runed translucent gate.
  7578 | D:10     | Found a runed translucent gate.
  7578 | D:10     | Found a runed translucent gate.
  7612 | D:10     | Noticed PowderKeg's ghost (journeyman DgHu)
  7795 | D:10     | Killed PowderKeg's ghost
  7821 | D:10     | Got the ring "Yhouk" {Fire Slay+6}
  7936 | D:11     | Found a shadowy altar of Dithmenos.
  8269 | D:11     | Found a staircase to the Orcish Mines.
  8472 | D:11     | Noticed a two-headed ogre
  8479 | D:11     | Killed a two-headed ogre
  8853 | Lair:1   | Entered Level 1 of the Lair of Beasts
  9055 | Lair:1   | Identified the +5 scale mail "Obod" {rF- rN+ Dex+4}
  9187 | Lair:1   | Reached XP level 12. HP: 116/116 MP: 12/12
  9195 | Lair:1   | Found a transporter.
  9198 | Lair:1   | Noticed Eugor's ghost (journeyman GrEE)
  9202 | Lair:1   | Noticed a five-headed hydra
  9254 | Lair:1   | Reached skill level 10 in Fighting
  9353 | Lair:1   | Found a transporter.
  9396 | Lair:1   | Reached skill level 15 in Unarmed Combat
  9397 | Lair:1   | Slimified a five-headed hydra
  9397 | Lair:1   | a five-headed hydra changed into a slime creature
  9399 | Lair:1   | Killed Eugor's ghost
  9412 | Lair:1   | Got the Incunable of Lofty Bewitchment
  9985 | Lair:2   | Found a hole to the Spider Nest.
 10011 | Lair:2   | Lost mutation: You are highly strong-willed. (Will++)
                  | [Jiyva's grace]
 10011 | Lair:2   | Lost mutation: You are very robust. (+20% HP) [Jiyva's
                  | grace]
 10011 | Lair:2   | Lost mutation: Your spells are much harder to cast, but
                  | much more powerful. [Jiyva's grace]
 10011 | Lair:2   | Gained mutation: You are covered in fur. (AC +1) [Jiyva's
                  | grace]
 10011 | Lair:2   | Gained mutation: You are covered in thick fur. (AC +2)
                  | [Jiyva's grace]
 10011 | Lair:2   | Gained mutation: Your thick and shaggy fur keeps you warm.
                  | (AC +3, rC+) [Jiyva's grace]
 10011 | Lair:2   | Gained mutation: You have acidic saliva. [Jiyva's grace]
 10086 | Lair:2   | Noticed a seven-headed hydra
 10093 | Lair:2   | Killed a seven-headed hydra
 10409 | Lair:2   | Reached skill level 1 in Shields
 10531 | Lair:2   | Found a staircase to the Shoals.
 10919 | Lair:3   | Reached XP level 13. HP: 116/116 MP: 13/13
 11472 | Lair:4   | Lost mutation: You are partially covered in large bone
                  | plates. (SH +4) [Jiyva's grace]
 11472 | Lair:4   | Lost mutation: Your spells are harder to cast, but more
                  | powerful. [Jiyva's grace]
 11472 | Lair:4   | Gained mutation: You have an increased reservoir of magic.
                  | (+10% MP) [Jiyva's grace]
 11472 | Lair:4   | Gained mutation: You have a considerably increased
                  | reservoir of magic. (+20% MP) [Jiyva's grace]
 11472 | Lair:4   | Gained mutation: You have a greatly increased reservoir of
                  | magic. (+30% MP) [Jiyva's grace]
 11472 | Lair:4   | Gained mutation: Your melee attacks may engulf your foes in
                  | ooze. [Jiyva's grace]
 11723 | Lair:4   | Reached skill level 10 in Armour
 11723 | Lair:4   | Reached skill level 5 in Shields
 11747 | Lair:4   | Found a staircase to the Slime Pits.
 12140 | Slime:1  | Entered Level 1 of the Pits of Slime
 12148 | Slime:2  | Noticed an acid blob
 12148 | Slime:2  | Noticed an acid blob
 12150 | Slime:2  | Noticed an azure jelly
 12157 | Slime:2  | Noticed a quicksilver ooze
 12157 | Slime:2  | Noticed a rockslime
 12160 | Slime:2  | Noticed a formless jellyfish
 12188 | Slime:2  | Noticed an acid blob
 12190 | Slime:2  | Noticed a rockslime
 12213 | Slime:4  | Noticed a formless jellyfish
 12219 | Slime:4  | Noticed a rockslime
 12222 | Slime:4  | Noticed a formless jellyfish
 12230 | Slime:5  | Entered Level 5 of the Pits of Slime
 12237 | Slime:5  | Noticed an acid blob
 12249 | Slime:5  | Found a viscous altar of Jiyva.
 12250 | Slime:5  | Found the +2 hat of the Bear Spirit {Spirit, Bear, *Rage
                  | Will++}
 12251 | Slime:5  | Noticed an azure jelly
 12251 | Slime:5  | Noticed the Royal Jelly
 12252 | Slime:5  | Noticed a quicksilver ooze
 12252 | Slime:5  | Noticed an acid blob
 12253 | Slime:5  | Noticed a rockslime
 12254 | Slime:5  | Noticed an acid blob
 12254 | Slime:5  | Noticed a quicksilver ooze
 12257 | Slime:5  | Got a slimy rune of Zot
 12259 | Slime:5  | Got the Vellum of Ruinous Inhalation
 12263 | Slime:5  | Noticed an acid blob
 12265 | Slime:5  | Noticed an acid blob
 12269 | Slime:5  | Identified the ring of the Dropbear {rElec rN+ rCorr Int+3
                  | Dex+2}
 12275 | Slime:5  | Noticed a formless jellyfish
 12283 | Slime:5  | Identified the +5 scale mail of the Dungeon {rN+ Str+3}
 12305 | Slime:5  | Noticed an acid blob
 12338 | Slime:4  | Noticed a formless jellyfish
 12352 | Slime:4  | Noticed a quicksilver ooze
 12412 | Lair:5   | Entered Level 5 of the Lair of Beasts
 12576 | Lair:5   | Reached skill level 5 in Dodging
 12582 | Lair:5   | Identified the +0 scale mail "Imaesyxa" {Str+5}
 12715 | Lair:5   | Reached XP level 14. HP: 84/124 MP: 16/18
 12716 | Lair:5   | Found a corrupted altar of Lugonu.
 12716 | Lair:5   | Found a one-way gate to the infinite horrors of the Abyss.
 13606 | D:12     | Found a frozen archway.
 13639 | IceCv    | Entered an ice cave
 13772 | IceCv    | Noticed a frost giant
 13780 | IceCv    | Slimified a frost giant
 13780 | IceCv    | a frost giant changed into an acid blob
 13780 | IceCv    | Noticed an acid blob
 14290 | D:12     | Lost mutation: You have a greatly increased reservoir of
                  | magic. (+30% MP) [Jiyva's grace]
 14290 | D:12     | Lost mutation: You are strong-willed. (Will+) [Jiyva's
                  | grace]
 14290 | D:12     | Gained mutation: Your rubbery body absorbs attacks. (AC +1,
                  | EV +1) [Jiyva's grace]
 14290 | D:12     | Gained mutation: Your pliable body absorbs attacks. (AC +2,
                  | EV +2) [Jiyva's grace]
 14290 | D:12     | Gained mutation: Your gelatinous body deflects attacks. (AC
                  | +3, EV +3) [Jiyva's grace]
 14290 | D:12     | Gained mutation: You expend magic power (3 MP) to
                  | strengthen your wands. [Jiyva's grace]
 14497 | D:12     | Reached skill level 10 in Shields
 15038 | D:13     | Noticed Erolcha
 15048 | D:13     | Killed Erolcha
 15250 | D:13     | Noticed Sonja
 15262 | D:13     | Slimified Sonja
 15262 | D:13     | Sonja changed into Sonja the slime creature
 15262 | D:13     | Noticed Sonja
 15639 | Orc:1    | Entered Level 1 of the Orcish Mines
 16188 | Orc:1    | Lost mutation: You have a considerably increased reservoir
                  | of magic. (+20% MP) [Jiyva's grace]
 16188 | Orc:1    | Lost mutation: Your thick and shaggy fur keeps you warm.
                  | (AC +3, rC+) [Jiyva's grace]
 16188 | Orc:1    | Lost mutation: Your gelatinous body deflects attacks. (AC
                  | +3, EV +3) [Jiyva's grace]
 16188 | Orc:1    | Lost mutation: Your pliable body absorbs attacks. (AC +2,
                  | EV +2) [Jiyva's grace]
 16188 | Orc:1    | Lost mutation: You have a small jelly attached to you that
                  | senses nearby items. [Jiyva's grace]
 16188 | Orc:1    | Lost mutation: You expend magic power (3 MP) to strengthen
                  | your wands. [Jiyva's grace]
 16188 | Orc:1    | Gained mutation: You expend magic power (3 MP) to
                  | strengthen your wands. [Jiyva's grace]
 16188 | Orc:1    | Gained mutation: You have a pair of small horns on your
                  | head. [Jiyva's grace]
 16188 | Orc:1    | Gained mutation: You have a pair of horns on your head.
                  | [Jiyva's grace]
 16188 | Orc:1    | Gained mutation: You have a pair of large horns on your
                  | head. [Jiyva's grace]
 16326 | Orc:2    | Entered Level 2 of the Orcish Mines
 16358 | Orc:2    | Found Ujeuleargh's Jewellery Shop.
 16367 | Orc:2    | Bought the brooch of Shielding {Spirit SH+8} for 715 gold
                  | pieces
 16367 | Orc:2    | Found the brooch of Shielding {Spirit SH+8}
 16415 | Orc:2    | Found a staircase to the Elven Halls.
 16549 | Orc:2    | Noticed an orc warlord
 16557 | Orc:2    | Was placed under penance by Jiyva
 16557 | Orc:2    | Killed an orc warlord
 16558 | Orc:2    | Reached skill level 15 in Armour
 16558 | Orc:2    | Reached XP level 15. HP: 106/129 MP: 13/16
 16597 | Orc:2    | Found Hantes's Antique Armour Shop.
 16598 | Orc:2    | Found Wontaino's Antique Weapon Shop.
 16629 | Orc:2    | Found Boicwuro's General Store.
 16630 | Orc:2    | Found Weohucue's Jewellery Boutique.
 16645 | Orc:2    | Bought a potion of might for 56 gold pieces
 16702 | Orc:2    | Was forgiven by Jiyva
 17399 | Spider:1 | Entered Level 1 of the Spider Nest
 17440 | Spider:1 | Noticed an emperor scorpion
 17449 | Spider:1 | Slimified an emperor scorpion
 17449 | Spider:1 | an emperor scorpion changed into an azure jelly
 17449 | Spider:1 | Noticed an azure jelly
 17643 | Spider:1 | Identified the +0 leather armour of the Evening {Rampage
                  | +Inv Dex+2}
 17690 | Spider:1 | Noticed Azrael
 17698 | Spider:1 | Killed Azrael
 17737 | Spider:1 | Noticed Agnes
 17749 | Spider:1 | Killed Agnes
 18048 | Spider:1 | Identified the +1 leather armour "Havasemaba" {Stlth+}
 18593 | D:14     | Found a gate to the Vaults.
 18773 | D:14     | Lost mutation: You have a pair of large horns on your head.
                  | [Jiyva's grace]
 18773 | D:14     | Lost mutation: You are robust. (+10% HP) [Jiyva's grace]
 18773 | D:14     | Lost mutation: You are covered in thick fur. (AC +2)
                  | [Jiyva's grace]
 18773 | D:14     | Lost mutation: Your rubbery body absorbs attacks. (AC +1,
                  | EV +1) [Jiyva's grace]
 18773 | D:14     | Lost mutation: You expend magic power (3 MP) to strengthen
                  | your wands. [Jiyva's grace]
 18773 | D:14     | Gained mutation: You have a small jelly attached to you
                  | that senses nearby items. [Jiyva's grace]
 18773 | D:14     | Gained mutation: You possess an exceptional clarity of
                  | mind. [Jiyva's grace]
 18773 | D:14     | Gained mutation: Your rubbery body absorbs attacks. (AC +1,
                  | EV +1) [Jiyva's grace]
 18773 | D:14     | Gained mutation: Your pliable body absorbs attacks. (AC +2,
                  | EV +2) [Jiyva's grace]
 19187 | D:15     | Entered Level 15 of the Dungeon
 19976 | D:15     | Found a staircase to the Depths.
 20281 | Spider:2 | Reached XP level 16. HP: 82/128 MP: 15/17
 20554 | Spider:2 | Lost mutation: You have a pair of horns on your head.
                  | [Jiyva's grace]
 20554 | Spider:2 | Lost mutation: Your melee attacks may engulf your foes in
                  | ooze. [Jiyva's grace]
 20554 | Spider:2 | Gained mutation: Your spells are harder to cast, but more
                  | powerful. [Jiyva's grace]
 20554 | Spider:2 | Gained mutation: Your spells are much harder to cast, but
                  | much more powerful. [Jiyva's grace]
 20554 | Spider:2 | Gained mutation: Your melee attacks may engulf your foes in
                  | ooze. [Jiyva's grace]
 20554 | Spider:2 | Gained mutation: You are partially covered in iridescent
                  | scales. (AC +2) [Jiyva's grace]
 21814 | Spider:3 | Identified the serpent talisman of the Shining Light {rCorr
                  | Str-2 Dex+6 Stlth+}
 21814 | Spider:3 | Noticed Aizul
 21824 | Spider:3 | Killed Aizul
 22260 | Spider:4 | Entered Level 4 of the Spider Nest
 22369 | Spider:4 | Noticed Mara
 22374 | Spider:4 | Noticed Monkooky's illusion
 22389 | Spider:4 | Killed Mara
 22713 | Orc:2    | Bought the +5 Storm Queen's Shield {shock, Fly rElec} for
                  | 1276 gold pieces
 22713 | Orc:2    | Found the +5 Storm Queen's Shield {shock, Fly rElec}
 23127 | Spider:4 | Reached XP level 17. HP: 138/138 MP: 18/18
 23325 | Spider:4 | Identified the -1 pair of boots of the Chupacabra {rCorr}
 23327 | Spider:4 | Got a gossamer rune of Zot
 23491 | Spider:4 | Lost mutation: Your pliable body absorbs attacks. (AC +2,
                  | EV +2) [Jiyva's grace]
 23491 | Spider:4 | Lost mutation: You are covered in slimy tendrils that may
                  | disarm your opponents. [Jiyva's grace]
 23491 | Spider:4 | Lost mutation: Your melee attacks may engulf your foes in
                  | ooze. [Jiyva's grace]
 23491 | Spider:4 | Gained mutation: Your body has grown eyes which may confuse
                  | attackers. (Acc +3) [Jiyva's grace]
 23491 | Spider:4 | Gained mutation: Your body has grown many eyes which may
                  | confuse attackers. (Acc +5) [Jiyva's grace]
 23491 | Spider:4 | Gained mutation: Your body is covered in eyes which may
                  | confuse attackers. (Acc +7, SInv) [Jiyva's grace]
 23491 | Spider:4 | Gained mutation: Your melee attacks may engulf your foes in
                  | ooze. [Jiyva's grace]
 23779 | Shoals:1 | Entered Level 1 of the Shoals
 23959 | Shoals:1 | Identified the +4 ring mail "Moilyng" {rC+ Will++ Str+4
                  | Stlth-}
 24099 | Shoals:1 | Noticed a kraken
 24110 | Shoals:1 | Killed a kraken
 24223 | Shoals:1 | Noticed Roxanne
 24673 | Shoals:2 | Noticed Ilsuiw
 24691 | Shoals:2 | Killed Ilsuiw
 25184 | Shoals:2 | Reached skill level 15 in Shields
 25186 | Shoals:2 | Found an iron altar of Okawaru.
 25351 | Shoals:3 | Found a runed translucent door.
 25380 | Shoals:3 | Found a corrupted altar of Lugonu.
 25491 | Shoals:3 | Reached XP level 18. HP: 139/145 MP: 17/19
 25511 | Shoals:3 | Lost mutation: You have a pair of small horns on your head.
                  | [Jiyva's grace]
 25511 | Shoals:3 | Lost mutation: You are partially covered in iridescent
                  | scales. (AC +2) [Jiyva's grace]
 25511 | Shoals:3 | Lost mutation: You have acidic saliva. [Jiyva's grace]
 25511 | Shoals:3 | Lost mutation: Your melee attacks may engulf your foes in
                  | ooze. [Jiyva's grace]
 25511 | Shoals:3 | Gained mutation: Your melee attacks may engulf your foes in
                  | ooze. [Jiyva's grace]
 25511 | Shoals:3 | Gained mutation: Your translucent skin slightly reduces
                  | your foes' accuracy. (Stealth+) [Jiyva's grace]
 25511 | Shoals:3 | Gained mutation: Your translucent skin reduces your foes'
                  | accuracy. (Stealth+) [Jiyva's grace]
 25511 | Shoals:3 | Gained mutation: Your transparent skin significantly
                  | reduces your foes' accuracy. (Stealth+) [Jiyva's grace]
 25511 | Shoals:3 | Identified the +5 ring mail of the Histrionic God {+Blink
                  | rF+ Int-2 Stlth+}
 26177 | Shoals:4 | Entered Level 4 of the Shoals
 26203 | Shoals:4 | Paralysed by an air elemental for 1 turns
 26236 | Shoals:4 | Reached skill level 1 in Spellcasting
 26238 | Shoals:4 | Paralysed by an air elemental for 1 turns
 26242 | Shoals:4 | Paralysed by an air elemental for 1 turns
 26397 | Shoals:4 | Paralysed by an air elemental for 1 turns
 26424 | Shoals:4 | Identified the death talisman "Weefy" {Str+5}
 26430 | Shoals:4 | Got a barnacled rune of Zot
 26481 | Shoals:4 | Noticed Polyphemus
 26505 | Shoals:4 | Killed Polyphemus
 26541 | Shoals:4 | Paralysed by an air elemental for 1 turns
 26726 | Shoals:4 | Paralysed by an air elemental for 1 turns
 27358 | Depths:1 | Entered Level 1 of the Depths
 27376 | Depths:1 | Noticed Norris
 27401 | Depths:1 | Killed Norris
 27498 | Depths:1 | Found Epugapn's Jewellery Shoppe.
 27500 | Depths:1 | Found Ehueg's Antique Weapon Emporium.
 27502 | Depths:1 | Found Vonouqez's Assorted Antiques.
 27512 | Depths:1 | Bought a scroll of blinking for 202 gold pieces
 27512 | Depths:1 | Bought a scroll of identify for 54 gold pieces
 27518 | Depths:1 | Noticed a lich
 27528 | Depths:1 | Killed a lich
 27815 | Depths:1 | Noticed a tentacled monstrosity
 27855 | Depths:1 | Killed a tentacled monstrosity
 28119 | Depths:1 | Lost mutation: Your melee attacks may engulf your foes in
                  | ooze. [Jiyva's grace]
 28119 | Depths:1 | Gained mutation: You are partially covered in iridescent
                  | scales. (AC +2) [Jiyva's grace]
 28119 | Depths:1 | Gained mutation: You are mostly covered in iridescent
                  | scales. (AC +4) [Jiyva's grace]
 28119 | Depths:1 | Gained mutation: You are completely covered in iridescent
                  | scales. (AC +6) [Jiyva's grace]
 28119 | Depths:1 | Gained mutation: You have large cloven feet. [Jiyva's
                  | grace]
 28173 | Depths:1 | Found a gateway to Hell.
 28264 | Depths:1 | Reached XP level 19. HP: 153/153 MP: 25/25
 28305 | Depths:2 | Noticed Vv
 28334 | Depths:2 | Killed Vv
 28366 | Depths:2 | Found a portal to a secret trove of treasure.
 28545 | Depths:2 | Noticed a golden dragon
 28560 | Depths:2 | Killed a golden dragon
 28692 | Depths:2 | Reached skill level 15 in Fighting
 28951 | Depths:2 | Found a one-way gate leading to the halls of Pandemonium.
 29348 | Depths:4 | Entered Level 4 of the Depths
 29388 | Depths:4 | Found Pypnoabeu's Book Shop.
 29500 | Depths:4 | Noticed a bone dragon
 29523 | Depths:4 | Killed a bone dragon
 29581 | Depths:4 | Found a gate to the Realm of Zot.
 29675 | Depths:4 | Noticed a caustic shrike
 29675 | Depths:4 | Noticed a caustic shrike
 29676 | Depths:4 | Found a one-way gateway to a ziggurat.
 29676 | Depths:4 | Noticed a caustic shrike
 29687 | Depths:4 | Killed a caustic shrike
 29689 | Depths:4 | Killed a caustic shrike
 29690 | Depths:4 | Reached XP level 20. HP: 154/163 MP: 22/29
 29691 | Depths:4 | Killed a caustic shrike
 29711 | Depths:4 | Found a flickering gateway to a bazaar.
 29723 | Bazaar   | Entered a bazaar
 29723 | Bazaar   | Found Esudunis's Assorted Antiques.
 29723 | Bazaar   | Found Qajymiong's Armour Boutique.
 29723 | Bazaar   | Found Buorext's Armour Shoppe.
 29723 | Bazaar   | Found Aklohi's Jewellery Shop.
 29725 | Bazaar   | Found Nitan's General Store.
 29754 | Bazaar   | Bought the ring of Zilaes {rF+ MP+9 Str+6} for 689 gold
                  | pieces
 29770 | Bazaar   | Bought a scroll of blinking for 240 gold pieces
 29791 | Bazaar   | Bought the +9 pearl dragon scales of Howling Wind {rPois
                  | rC+++ rN+ Will- Dex+2} for 1079 gold pieces
 29899 | Zot:1    | Entered Level 1 of the Realm of Zot
 29899 | Zot:1    | Noticed a curse toe
 29910 | Zot:1    | Killed a curse toe
 30034 | Zot:3    | Found the +4 dragonskin cloak
 30034 | Zot:3    | Noticed Tiamat
 30113 | Zot:2    | Reached skill level 5 in Spellcasting
 30143 | Zot:3    | Lost mutation: You are completely covered in iridescent
                  | scales. (AC +6) [Jiyva's grace]
 30143 | Zot:3    | Lost mutation: Your spells are much harder to cast, but
                  | much more powerful. [Jiyva's grace]
 30143 | Zot:3    | Lost mutation: Your body is covered in eyes which may
                  | confuse attackers. (Acc +7, SInv) [Jiyva's grace]
 30143 | Zot:3    | Gained mutation: You are completely covered in iridescent
                  | scales. (AC +6) [Jiyva's grace]
 30143 | Zot:3    | Gained mutation: You are agile. (Dex +4, Str/Int -1)
                  | [Jiyva's grace]
 30143 | Zot:3    | Gained mutation: You are very agile. (Dex +8, Str/Int -2)
                  | [Jiyva's grace]
 30143 | Zot:3    | Gained mutation: You are covered in slimy tendrils that may
                  | disarm your opponents. [Jiyva's grace]
 30319 | Zot:5    | Entered Level 5 of the Realm of Zot
 30359 | Zot:5    | Noticed a curse toe
 30371 | Zot:5    | Killed a curse toe
 30449 | Zot:5    | Found a transporter.
 30453 | Zot:5    | Found a transporter.
 30453 | Zot:5    | Found a transporter.
 30494 | Zot:5    | Found a transporter.
 30537 | Zot:5    | Noticed a curse toe
 30551 | Zot:5    | Killed a curse toe
 30721 | Zot:5    | Noticed a Killer Klown
 30728 | Zot:5    | Noticed an orb of fire
 30731 | Zot:5    | Noticed a dread lich
 30731 | Zot:5    | Noticed an orb of fire
 30731 | Zot:5    | Noticed a Killer Klown
 30733 | Zot:5    | Noticed a Killer Klown
 30734 | Zot:5    | Noticed a Killer Klown
 30735 | Zot:5    | Noticed an orb of fire
 30746 | Zot:5    | Got the Orb of Zot
 30810 | Zot:4    | Noticed a golden dragon
 30823 | Zot:3    | Noticed a Killer Klown
 31394 | D:$      | Escaped with the Orb!

Illustrated notes

Levels and vault maps discovered:
D:1:      dpeg_arrival_tiny_d, layout_basic, minmay_misc_feat_tiny,
          kennysheep_another_room
D:2:      layout_loops_cross, chequers_ecumenical_altar_simple
D:3:      layout_basic, kennysheep_ying_yang, nicolae_overflow_two_pavilions,
          portal_sewer_entry_a
D:4:      layout_loops_cross, temple_pool_b, serial_shops,
          nicolae_take_the_stairs, grunt_ministairs_6, uniq_edmund
D:5:      layout_loops_corners, mainiacjoe_overflow_catch_the_wave,
          grunt_decor_clamped, corexii_hall_statues_s,
          minmay_misc_feat_nine_boxes, uniq_duvessa
D:6:      layout_cave_pools, serial_gnoll_camp, gnoll_camp_mini_loothouse,
          gnoll_camp_mini_house, gnoll_camp_mini_doghouse, gnoll_camp_medium_02,
          gnoll_camp_huts_moat
D:7:      layout_loops_corners, nicolae_uskayaw_dance_hall,
          dreamdust_gnoll_farm, uniq_joseph
D:8:      layout_loops_corners, grunt_gozag_statues, david_lair_shrubbed,
          special_room [special_room_orc], minmay_misc_feat_encased,
          minivault_11, uniq_erica
D:9:      layout_rooms, nicolae_sif_muna_condensation, uniq_jeremiah
D:10:     layout_big_octagon, grunt_temple_overflow_order_and_chaos_2,
          gammafunk_ghost_icy, kennysheep_nub,
          nicolae_concentric_dashed_squares_mild
D:11:     layout_gridville, orc_0_dummy, nicolae_dithmenos_shadow_blocks
D:12:     cheibrodos_elevator_heist, layout_loops_corners,
          portal_ice_cave_entry_imps
D:13:     layout_small_grid, uniq_erolcha, uniq_sonja
D:14:     wander_river, layout_irregular_city,
          lightli_vaults_fourway_checkpoint, nicolae_cairo_tiling_large,
          st_stairs_1
D:15:     hangedman_depths_entry_try_elsewhere_first, layout_basic,
          minmay_misc_feat_secret_circle
Lair:1:   layout_cave_pods, gammafunk_ghost_arena, lemuel_fruit_fields,
          grunt_megastairs_2
Lair:2:   layout_cave_pods, elwin_shoals_entry_rooms,
          spider_nest_entry_web_field, serial_bayou_pond_e, st_stairs_8
Lair:3:   layout_hall_layers, bh_autumn_forest_stairs, nicolae_lair_lindhole
Lair:4:   layout_roguey, minmay_slime_entry_jelly_boxes
Lair:5:   hellmonk_lair_end_abyssal_woods, layout_regular_city,
          grunt_forest_large_clearing_hut
Shoals:1: layout_shoals, hangedman_shoal_volcano, uniq_roxanne
Shoals:2: layout_shoals, lemuel_oklob_altar, uniq_ilsuiw
Shoals:3: layout_shoals, nicolae_shoals_abyss_on_the_beach
Shoals:4: shoals_end_hellmonk_storm_palace [storm_palace_center_circular,
          storm_palace_corner_narrow, storm_palace_corner_grid,
          storm_palace_corner_blocked, storm_palace_corner_grid],
          uniq_polyphemus
Spider:1: nicolae_spider_mines_1, guppyfry_spider_mini_3, uniq_agnes,
          uniq_azrael
Spider:2: nicolae_spider_brood_tunnel
Spider:3: layout_chambers, drop_trap, uniq_aizul
Spider:4: floodkiller_spider_rune_tomb, uniq_mara
Slime:1:  layout_caves
Slime:2:  layout_caves, nicolae_slime_round_cave
Slime:3:  layout_caves, basic_altar
Slime:4:  layout_caves, basic_altar, cheibrodos_slime_lost_civilization_6
Slime:5:  slime_pit
Orc:1:    minmay_goldmine, layout_caves, minmay_orc_barracks
Orc:2:    st_orc_congregation, layout_diamond_mine, serial_shops,
          nicolae_lakefront_shop
Depths:1: layout_cave_shapes, chequers_serial_rivers_large_b, hell_entry,
          serial_shops, shop, minmay_evil_grid, minmay_shop_star, uniq_norris
Depths:2: minmay_quantized_circle, layout_cave_pools, minmay_misc_feat_five,
          hell_entry, pan_entry, enter_trove_5, serial_co_window_serial,
          co_window_corner_a, co_window_corner_a, co_window_paths_a,
          co_window_paths_a, co_window_paths_b, co_window_cross_4,
          co_window_corner_b, co_window_of_opportunity_c, co_window_corner_b,
          co_window_corner_b, co_window_of_opportunity_b, co_window_corner_ca,
          uniq_vv
Depths:3: minmay_inside_and_out, layout_gridlike, hell_entry,
          minmay_room_of_horrors
Depths:4: grunt_zot_entry_gee_three, layout_twisted_cross, enter_ziggurat_a,
          serial_shops, bzr_entry_gold, shop, nicolae_shop_stone,
          nicolae_shop_tiny_glass, shop, hell_entry, uniq_parghit
Zot:1:    layout_misc_corridors
Zot:2:    kennysheep_blocky_room, layout_gridlike, drop_trap,
          hellmonk_greenhouse_of_terror
Zot:3:    layout_misc_corridors, uniq_tiamat
Zot:4:    gammafunk_sealed_arena, layout_basic, regret_index_zotdec_tunneler,
          grunt_ministairs_13
Zot:5:    layout_misc_corridors, nicolae_diode_intersection

Skill      XL: |  1  2  3  4  5  6  7  8  9 10 11 12 13 14 15 16 17 18 19 20 |
---------------+-------------------------------------------------------------+-----
Unarmed Combat | 3 4 5 6 8 10 12 14 15 17 19 20 | 20.9
Armour         | 4 8 11 15 18 19 20 | 20.9
Fighting       | 4 6 8 9 11 12 13 14 15 16 | 16.2
Shields        | 2 7 11 12 15 16 17 18 | 18.1
Dodging        | 5 6 7 |  7.6
Spellcasting   | 3 4 5 |  5.4

Action                     |  1- 3 |  4- 6 |  7- 9 | 10-12 | 13-15 | 16-18 | 19-21 || total
---------------------------+-------+-------+-------+-------+-------+-------+-------++-------
  Melee: Unarmed           |   100 |   129 |   322 |   477 |   970 |  1242 |   800 ||  4040
         Tailslap          |    16 |    20 |    60 |   104 |   179 |   290 |   235 ||   904
         Bite              |       |    10 |    41 |    18 |   149 |   128 |       ||   346
         Kick              |       |    14 |    10 |       |       |     8 |   456 ||   488
         Peck              |       |       |    65 |       |       |       |       ||    65
         Headbutt          |       |       |       |       |    99 |   228 |       ||   327
 Invoke: Oozemancy         |       |       |     3 |     5 |     7 |     4 |     7 ||    26
         Slimify           |       |       |     1 |     1 |     3 |     1 |     2 ||     8
  Evoke: Wand              |       |       |       |     2 |     3 |     5 |     8 ||    18
         Tin of tremorston |       |       |       |       |       |     1 |     2 ||     3
    Use: Scroll            |       |       |    11 |     4 |     5 |     9 |    18 ||    47
         Potion            |       |       |       |     2 |       |       |     5 ||     7
   Stab: Confused          |       |       |       |       |       |    23 |    34 ||    57
         Distracted        |       |       |       |       |       |       |     1 ||     1
         Held in net/web   |       |       |       |       |       |       |     1 ||     1
 Armour: Robe              |    42 |       |       |       |       |       |       ||    42
         Ring mail         |       |    61 |       |       |       |       |       ||    61
         Plate armour      |       |    21 |   336 |   323 |   167 |   762 |    45 ||  1654
         Scale mail        |       |       |       |   150 |   664 |       |       ||   814
         Gold dragon scale |       |       |       |       |       |       |   189 ||   189
         Pearl dragon scal |       |       |       |       |       |       |   215 ||   215
  Dodge: Dodged            |    43 |    53 |    86 |   108 |   326 |   184 |   116 ||   916
  Block: Buckler           |       |       |       |       |   384 |   267 |       ||   651
         Kite shield       |       |       |       |       |       |   958 |   817 ||  1775

Table legend: (Time is in decaauts)
 A = Elapsed time spent in this place.
 B = Non-inter-level travel time spent in this place.
 C = Inter-level travel time spent in this place.
 D = Time resting spent in this place.
 E = Time spent auto-exploring this place.
 F = Levels seen in this place.
 G = Mean time per level.
                   A        B        C        D        E       F      G
               +--------+--------+--------+--------+--------+-----+--------+
         Total |  30334 |  26529 |   3805 |     99 |  15745 |  47 |  645.4 |
       Dungeon |  13067 |  11046 |   2021 |      0 |   7612 |  15 |  871.1 |
          Lair |   4583 |   3945 |    638 |      0 |   2740 |   5 |  916.6 |
        Shoals |   3144 |   2962 |    182 |      8 |   1802 |   4 |  786.0 |
   Spider Nest |   3510 |   3230 |    280 |     43 |   1636 |   4 |  877.5 |
    Slime Pits |    261 |    141 |    120 |      0 |     58 |   5 |   52.2 |
  Orcish Mines |   1749 |   1461 |    288 |      0 |    752 |   2 |  874.5 |
        Depths |   2431 |   2224 |    207 |      0 |    873 |   4 |  607.8 |
           Zot |    858 |    791 |     67 |     48 |    169 |   5 |  171.6 |
        Bazaar |    116 |    116 |      0 |      0 |      0 |   1 |  116.0 |
         Sewer |    182 |    182 |      0 |      0 |     13 |   1 |  182.0 |
      Ice Cave |    427 |    427 |      0 |      0 |     90 |   1 |  427.0 |
               +--------+--------+--------+--------+--------+-----+--------+

Top non-repeatable levels by time:
     D:8: 1517 daAuts
Spider:3: 1232 daAuts
  Lair:1: 1163 daAuts
    D:12: 1099 daAuts
   Orc:2: 1083 daAuts
    D:11: 1061 daAuts
  Lair:2: 1003 daAuts
Depths:1: 970 daAuts
     D:7: 963 daAuts
  Lair:5: 946 daAuts
    D:15: 902 daAuts
     D:3: 886 daAuts
     D:5: 862 daAuts
Shoals:1: 851 daAuts
     D:4: 850 daAuts
